 Dungeon Crawl Stone Soup version 0.17-a0-1949-g1acca9a (webtiles) character file.

191 Kusio the Cudgeler (level 5, -4/54 HPs)
             Began as an Ogre Gladiator on Oct 2, 2015.
             Killed by nerve-wracking pain
             ... invoked by an orc priest
              (12 damage)
             ... on level 3 of the Dungeon.
             The game lasted 00:06:44 (2292 turns).

Kusio the Cudgeler (Ogre Gladiator)                 Turns: 2292, Time: 00:06:44

Health: -4/54      AC:  3    Str: 21    XL:     5   Next: 70%
Magic:  5/5        EV: 10    Int:  7    God:
Gold:   177        SH:  0    Dex: 10    Spells: 0 memorised, 4 levels left

rFire  . . .     SeeInvis .     m - +1 flail (crush)
rCold  . . .     Clarity  .     b - +0 robe
rNeg   . . .     SustAt   .     (no shield)
rPois  .         Gourm    .     c - +0 hat
rElec  .         Spirit   .     (no cloak)
rCorr  .         Warding  .     (gloves unavailable)
rMut   .         Stasis   .     (boots unavailable)
MR     +....                    (no amulet)
Stlth  +.........               (no ring)
                                (no ring)

@: somewhat resistant to hostile enchantments, very unstealthy
A: unfitting armour, antennae 1, magic resistance 1, mutation resistance 1,
tough skin 1
a: no special abilities


You were on level 3 of the Dungeon.
You were not hungry.

You visited 1 branch of the dungeon, and saw 3 of its levels.

You collected 177 gold pieces.

Inventory:

Hand weapons
 m - a +1 flail of crushing (weapon)
Missiles
 d - 2 throwing nets (quivered)
 o - 10 poisoned needles
Armour
 b - a +0 robe (worn)
 c - a +0 hat (worn)
Scrolls
 h - a scroll of teleportation {unknown}
 i - a scroll of blinking
 p - a scroll of amnesia {unknown}
 r - 2 scrolls of remove curse
 s - a scroll of identify {unknown}
Potions
 a - 2 potions of brilliance {unknown}
 f - a potion of curing
 g - a potion of heal wounds {unknown}
 j - a potion of flight
 k - a potion of haste
 l - a potion of mutation
 n - a potion of might {unknown}
 q - a potion of magic {unknown}
 t - 2 potions of degeneration {unknown}
 v - a potion of cure mutation {unknown}
Comestibles
 e - 5 bread rations
 u - a chunk of flesh


   Skills:
 + Level 3.6 Fighting
 * Level 7.7 Maces & Flails
 - Level 2.1 Throwing
 - Level 2.6 Dodging


You had 4 spell levels left.
You didn't know any spells.

Dungeon Overview and Level Annotations

Branches:
Dungeon (3/15)

Altars:
Ashenzari
Dithmenos
Kikubaaqudgha
Qazlal
Ru
Vehumet


Innate Abilities, Weirdness & Mutations

You are too large for most types of armour.
You have tough skin (AC +1).
You have a pair of small antennae on your head.
You are resistant to hostile enchantments.
You are somewhat resistant to further mutation.


Message History

You sock the orc!
The orc is almost dead.
The orc hits you with a flail. The orc hits you with a war axe.
You closely miss the orc. The orc barely misses you.
The orc hits you with a war axe.
You sock the orc!
You kill the orc!
You barely miss the orc.
The orc priest miscasts a cantrip.
The orc hits you with a war axe. The orc priest hits you.
* * * LOW HITPOINT WARNING * * *
You barely miss the orc priest. The orc priest hits you.
* * * LOW HITPOINT WARNING * * *
The orc hits you with a war axe.
* * * LOW HITPOINT WARNING * * *
You closely miss the orc priest.
The orc priest mumbles some strange prayers to Beogh against you.
Pain shoots through your body!
You die...

##.#### #.#
#.### #...#
###.# #.#
#.#########
#)##......##
#o@o).....o.
#####.......
.....##
.....#
######


You could see an orc priest and an orc.

Vanquished Creatures
  An orc priest (D:3)
  A hound (D:3)
  4 gnolls (D:2)
  3 adders
  2 oozes
  2 worms
  2 orcs (D:3)
  A giant cockroach (D:2)
  3 goblins
  4 hobgoblins
  A ball python (D:1)
  4 bats
  10 giant newts
  5 jackals (D:1)
  11 kobolds
  2 rats (D:1)
56 creatures vanquished.

Notes
Turn   | Place    | Note
--------------------------------------------------------------
     0 | D:1      | Kusio the Ogre Gladiator began the quest for the Orb.
     0 | D:1      | Reached XP level 1. HP: 22/22 MP: 1/1
   131 | D:1      | Reached XP level 2. HP: 18/29 MP: 2/2
   224 | D:1      | Reached skill level 5 in Maces & Flails
   640 | D:2      | Reached XP level 3. HP: 33/36 MP: 3/3
   664 | D:2      | Gained mutation: You are resistant to hostile enchantments. [potion of mutation]
   664 | D:2      | Gained mutation: You are somewhat resistant to further mutation. [potion of mutation]
   664 | D:2      | Gained mutation: You have a pair of small antennae on your head. [potion of mutation]
  1361 | D:2      | Found a shadowy altar of Dithmenos.
  1377 | D:2      | Reached skill level 6 in Maces & Flails
  1381 | D:2      | Reached XP level 4. HP: 7/44 MP: 4/4
  2014 | D:2      | Reached skill level 7 in Maces & Flails
  2142 | D:3      | Reached XP level 5. HP: 50/53 MP: 5/5
  2175 | D:3      | Found a sacrificial altar of Ru.
  2198 | D:3      | Found an ancient bone altar of Kikubaaqudgha.
  2198 | D:3      | Found a radiant altar of Vehumet.
  2200 | D:3      | Found a stormy altar of Qazlal.
  2203 | D:3      | Found a shattered altar of Ashenzari.
  2292 | D:3      | Killed from afar by an orc priest

Vault maps used:
D:1:      ncdulo_watergridlock, hangedman_abyss_or_decor_lesser_grid
D:2:      lemuel_coloured_pillars_altar, first_bread
D:3:      minitemple, lemuel_round_altar, grunt_ministairs_6

Action                   |  1- 3 |  4- 6 || total
-------------------------+-------+-------++-------
Melee: Flail             |    96 |    78 ||   174
Throw: Throwing net      |     1 |       ||     1
  Use: Potion            |     5 |       ||     5
       Scroll            |       |     2 ||     2
 Stab: Sleeping          |     2 |       ||     2
  Eat: Chunk             |     2 |     3 ||     5
